Map: Deathaura LE

Players

DeathByToss - Winner!

  • Race: Protoss Protoss
  • League: Master
  • Spawn Location: 11:00

DHDH

  • Race: Terran Terran
  • League: Master
  • Spawn Location: 5:00

VOD

Have the link to the VOD?

Description

Time

  • Played on: Dec. 18, 2020, 11:51 a.m.
  • Length: 19:38
Show
View Real Time Build Order
Export as new Build Order

DeathByToss Protoss - Winner!

Build Orders: Oracle Opening, Phoenix Opening 

Get SALT Encoding   

  12  0:00  Probe  
  13  0:12  Probe  
  14  0:20  Pylon  
  14  0:25  Probe (Chrono Boost)  
  15  0:38  Gateway  
  15  0:39  Probe (Chrono Boost)  
  16  0:46  Probe (Chrono Boost)  
  16  0:47  Assimilator  
  17  0:53  Probe  
  18  1:05  Probe  
  19  1:38  Cybernetics Core  
  19  1:47  Pylon  
  19  1:48  Probe  
  19  1:49  Assimilator  
  20  2:04  Probe (Chrono Boost)  
  21  2:15  Probe (Chrono Boost), Stargate  
  22  2:17  Zealot (Chrono Boost)  
  22  2:19  Probe (Chrono Boost)  
  25  2:30  Probe  
  25  2:36  Adept  
  25  2:44  Pylon  
  27  2:46  Warp Gate (Chrono Boost)  
  27  2:58  Oracle (Chrono Boost)  
  27  3:02  Nexus  
  30  3:06  Pylon  
  30  3:16  Probe  
  31  3:28  Probe  
  35  3:40  Probe  
  36  3:47  Phoenix  
  35  3:52  Probe  
  36  3:58  Robotics Facility  
  33  4:04  Probe  
  33  4:09  Gateway  
  34  4:12  Phoenix  
  37  4:17  Gateway  
  37  4:20  Probe x2 (Chrono Boost)  
  38  4:30  Stalker  
  41  4:31  Probe (Chrono Boost)  
  41  4:33  Probe (Chrono Boost)  
  41  4:35  Shield Battery  
  42  4:40  Probe  
  42  4:42  Phoenix  
  45  4:46  Observer  
  46  4:54  Probe  
  46  4:59  Probe  
  48  5:07  Probe, Phoenix (Chrono Boost)  
  49  5:11  Probe  
  49  5:14  Observer  
  53  5:18  Nexus  
  53  5:19  Probe  
  52  5:26  Probe  
  53  5:29  Phoenix (Chrono Boost)  
  53  5:30  Assimilator  
  53  5:31  Probe  
  53  5:32  Assimilator  
  56  5:37  Pylon  
  56  5:43  Adept x2  
  60  5:52  Twilight Council  
  60  5:56  Probe x2  
  62  6:04  Adept x2  
  62  6:07  Observer  
  62  6:08  Probe  
  62  6:09  Probe  
  69  6:20  Probe  
  69  6:21  Probe  
  69  6:27  Resonating Glaives (Chrono Boost)  
  65  6:33  Probe x2, Adept x2  
  65  6:34  Phoenix (Chrono Boost)  
  65  6:35  Immortal (Chrono Boost)  
  77  6:40  Probe  
  77  6:45  Probe  
  79  6:47  Forge  
  79  6:52  Gateway  
  79  6:53  Gateway  
  79  6:55  Probe  
  79  6:56  Probe  
  81  7:03  Immortal (Chrono Boost)  
  85  7:16  Pylon  
  85  7:18  Pylon  
  85  7:27  Pylon x2  
  85  7:29  Pylon  
  85  7:30  Pylon  
  85  7:34  Probe x2  
  85  7:35  Probe  
  85  7:36  Robotics Bay  
  88  7:37  Assimilator  
  88  7:39  Assimilator  
  88  7:41  Immortal (Chrono Boost)  
  92  7:46  Phoenix  
  92  7:50  Probe x3  
  97  7:59  Robotics Facility  
  97  8:01  Charge (Chrono Boost)  
  97  8:11  Adept x4, Phoenix  
  107  8:27  Disruptor  
  107  8:32  Adept x4  
  103  8:53  Stalker x4  
  109  9:06  Colossus x2 (Chrono Boost)  
  121  9:12  Extended Thermal Lance  
  121  9:20  Forge  
  121  9:21  Zealot x2, Pylon  
  125  9:25  Gateway  
  125  9:26  Observer  
  125  9:28  Gateway  
  125  9:29  Blink (Chrono Boost), Pylon  
  119  9:53  Observer, Stalker  
  119  9:54  Stalker x3  
  124  10:04  Colossus  
  130  10:15  Zealot  
  130  10:16  Zealot  
  130  10:17  Zealot x3  
  132  10:25  Zealot x2  
  136  10:31  Templar Archives  
  136  10:32  Disruptor (Chrono Boost)  
  136  10:34  Pylon  
  135  10:39  Zealot x3  
  135  10:40  Zealot  
  121  10:48  Protoss Ground Weapons Level 1 (Chrono Boost)  
  108  10:51  Zealot x2  
  112  10:59  Probe x3  
  119  11:05  Colossus (Chrono Boost)  
  119  11:06  Psionic Storm  
  119  11:12  Nexus  
  119  11:19  Probe  
  126  11:37  Zealot x3, Colossus (Chrono Boost)  
  132  11:44  Probe x2  
  134  11:47  Disruptor (Chrono Boost)  
  137  11:59  Stalker x4  
  131  12:20  Zealot x2  
  128  12:23  Zealot x4  
  128  12:28  Colossus  
  114  12:31  Zealot x2  
  92  12:47  Probe  
  92  12:48  Probe x3  
  89  12:52  Zealot x4  
  90  13:07  Stalker, Protoss Ground Weapons Level 2 (Chrono Boost)  
  88  13:13  Gateway x2, Probe x2  
  88  13:14  Probe x2  
  92  13:20  Stalker x3  
  92  13:25  Probe  
  95  13:30  Stalker  
  97  13:40  Gateway  
  97  13:44  Gateway, High Templar  
  97  13:45  High Templar x2  
  103  13:59  Zealot  
  103  14:01  Nexus  
  103  14:02  Disruptor (Chrono Boost)  
  108  14:07  Zealot x2  
  112  14:16  Probe x3  
  115  14:17  Gateway x2  
  115  14:20  Zealot x2  
  115  14:21  Zealot x3  
  115  14:22  Zealot  
  127  14:35  Colossus (Chrono Boost)  
  131  14:43  Observer  
  100  15:02  Zealot x6  
  100  15:05  Gateway  
  108  15:07  Colossus (Chrono Boost)  
  108  15:11  Pylon  
  114  15:15  Pylon  
  88  15:27  Zealot  
  88  15:28  Zealot x5  
  91  15:33  Gateway  
  99  15:35  Probe x2  
  99  15:36  Photon Cannon x2  
  99  15:37  Probe  
  99  15:41  Protoss Ground Weapons Level 3 (Chrono Boost)  
  100  15:45  High Templar  
  100  15:47  Zealot x2  
  106  15:51  Zealot  
  106  15:52  Zealot x2  
  112  16:02  Zealot  
  114  16:07  High Templar  
  114  16:08  Zealot x2  
  120  16:14  Gateway  
  120  16:23  Gateway  
  120  16:25  Shield Battery  
  120  16:28  Zealot x4  
  120  16:29  Zealot  
  130  16:39  Stargate  
  130  16:50  Nexus  
  130  16:53  High Templar  
  132  16:55  High Templar  
  132  16:56  Zealot x3  
  136  17:12  Zealot x3  
  136  17:13  Zealot  
  143  17:24  Archon  
  143  17:28  Zealot x2  
  143  17:29  Zealot x3  
  135  17:31  Disruptor x2  
  106  17:41  Zealot x4  
  108  17:45  Zealot  
  108  17:47  Assimilator  
  110  17:53  Assimilator  
  110  17:56  High Templar  
  110  17:57  Zealot x3  
  118  18:01  Probe  
  118  18:02  Probe x2  
  121  18:07  Zealot x2  
  121  18:09  High Templar  
  125  18:13  Archon  
  125  18:20  Zealot x4  
  123  18:29  Zealot x3  
  125  18:41  High Templar x2  
  122  18:42  Zealot x4  
  122  18:46  Archon  
  121  18:57  Zealot x2  
  121  18:58  Zealot  
  105  19:15  Probe x3  
  104  19:34  Stalker x3  
Show
View Real Time Build Order
Export as new Build Order

DHDH Terran 

Build Orders:  

Get SALT Encoding   

  12  0:00  SCV  
  13  0:12  SCV  
  14  0:17  Supply Depot  
  14  0:24  SCV  
  15  0:39  SCV  
  15  0:40  Barracks  
  16  0:44  Refinery  
  16  0:51  SCV  
  17  1:03  SCV  
  18  1:15  SCV  
  19  1:27  Reaper  
  19  1:28  Orbital Command  
  20  1:41  Supply Depot  
  20  1:43  Bunker  
  20  1:44  Engineering Bay  
  20  1:49  Refinery  
  20  1:55  SCV  
  20  2:00  Marine  
  22  2:05  Factory  
  22  2:12  SCV  
  23  2:19  Marine  
  24  2:24  SCV  
  25  2:38  SCV  
  25  2:42  Marine  
  27  2:45  Supply Depot  
  27  2:50  SCV  
  28  2:54  Factory Tech Lab  
  28  2:59  Starport  
  28  3:01  Marine  
  28  3:02  SCV  
  30  3:14  SCV, Cyclone  
  34  3:21  Supply Depot  
  34  3:26  Barracks Reactor  
  34  3:28  SCV  
  35  3:35  Starport Tech Lab  
  35  3:42  Command Center  
  34  4:00  SCV  
  38  4:02  Cyclone  
  38  4:04  Marine x2  
  40  4:19  SCV  
  40  4:23  Marine x2  
  43  4:27  Raven  
  45  4:42  Supply Depot  
  45  4:48  Widow Mine  
  47  4:54  Marine x2  
  47  4:56  Barracks  
  47  4:58  Orbital Command  
  49  5:00  Barracks  
  49  5:05  Bunker  
  48  5:18  Widow Mine, Orbital Command  
  50  5:21  Refinery  
  50  5:28  SCV  
  51  5:30  Marine x2  
  53  5:40  SCV, Supply Depot  
  53  5:41  Starport Reactor  
  54  5:44  SCV  
  57  5:50  Widow Mine  
  57  5:52  SCV  
  57  5:56  SCV  
  59  5:57  Barracks Tech Lab  
  59  5:58  Marine  
  59  5:59  Stimpack  
  59  6:00  Marauder  
  62  6:04  SCV  
  62  6:08  SCV  
  64  6:15  Supply Depot  
  64  6:16  SCV  
  65  6:19  Engineering Bay  
  60  6:31  Marine  
  60  6:32  Marine  
  59  6:33  SCV  
  59  6:37  Combat Shield  
  59  6:38  Marauder  
  59  6:39  Medivac x2  
  66  6:40  SCV  
  66  6:44  Missile Turret  
  66  6:45  SCV  
  68  6:49  Missile Turret  
  68  6:50  Marine x3  
  68  6:52  Widow Mine  
  73  6:54  Armory  
  73  6:55  SCV  
  73  6:56  Terran Infantry Weapons Level 1  
  73  6:59  Engineering Bay  
  74  7:01  Refinery  
  74  7:05  Marine  
  74  7:08  Marine  
  76  7:09  SCV  
  76  7:14  SCV  
  78  7:24  SCV, Supply Depot, Medivac x2, Widow Mine, Marine  
  78  7:25  Supply Depot  
  86  7:34  Terran Infantry Armor Level 1  
  86  7:46  SCV, Widow Mine, Marine x2  
  86  7:50  Drilling Claws  
  91  7:54  Marine x2  
  91  7:55  Concussive Shells  
  93  7:59  Viking x2  
  93  8:03  Marine x2  
  99  8:08  Widow Mine  
  99  8:12  Marine  
  102  8:19  Command Center  
  102  8:25  Supply Depot  
  102  8:27  Supply Depot  
  102  8:40  Viking, Marine  
  102  8:41  Marine  
  102  8:42  Marauder  
  95  8:57  Marine  
  95  8:58  Marine  
  95  8:59  Marauder  
  96  9:04  Marauder  
  98  9:12  SCV, Viking x2  
  98  9:15  Marine  
  98  9:16  Marine  
  105  9:18  Barracks x2  
  105  9:20  Marine  
  100  9:42  Marauder, Marine x2  
  100  9:43  Marauder, Orbital Command  
  106  9:57  Widow Mine  
  106  9:58  Terran Infantry Weapons Level 2  
  108  10:00  Marine x2  
  108  10:03  Marine  
  108  10:04  Marauder  
  109  10:10  Orbital Command  
  109  10:12  Barracks Reactor  
  109  10:13  Barracks Tech Lab  
  109  10:18  Marine x2  
  103  10:22  Marauder  
  103  10:24  SCV x2  
  103  10:25  Marauder  
  96  10:43  Marauder  
  83  10:51  Marauder, Marine x2  
  83  10:52  Marauder, Marine x2  
  83  10:53  Medivac  
  83  10:54  Medivac  
  83  10:55  SCV x2  
  83  10:57  SCV  
  94  11:05  Marauder  
  94  11:06  Missile Turret  
  94  11:07  SCV  
  94  11:08  SCV, Factory Reactor  
  94  11:09  SCV, Marine x2  
  101  11:13  Barracks, Marauder  
  103  11:19  Terran Infantry Armor Level 2  
  103  11:20  SCV x2  
  103  11:22  Supply Depot  
  105  11:28  Marine x3  
  105  11:30  Viking x2  
  105  11:31  Marine  
  113  11:44  Marauder, Marine x2  
  113  11:45  Marine  
  113  11:46  Marine  
  119  11:48  SCV  
  119  11:49  Refinery, Marine  
  119  11:50  Refinery  
  119  11:52  Widow Mine x2  
  125  11:56  Ghost Academy  
  123  12:02  Marauder  
  123  12:08  SCV x2  
  102  12:15  SCV  
  102  12:20  SCV, Marauder, Marine  
  102  12:21  Marauder  
  82  12:31  SCV  
  82  12:34  SCV  
  65  12:53  SCV x2  
  65  12:54  Marauder x2, Orbital Command, Marine x2  
  65  12:55  Widow Mine x2  
  77  13:07  Marine  
  77  13:08  Marauder  
  80  13:15  Marauder  
  78  13:31  Marauder x2, Marine  
  78  13:40  Missile Turret  
  78  13:44  SCV  
  78  13:45  SCV  
  80  14:00  Marauder, Marine x2  
  80  14:01  Marine x2  
  84  14:04  SCV  
  85  14:11  Marauder, Marine  
  85  14:13  Widow Mine  
  90  14:18  SCV x2  
  90  14:21  Enhanced Shockwaves  
  92  14:31  Marine x4  
  92  14:33  Widow Mine  
  92  14:34  Widow Mine  
  71  15:04  Marine  
  71  15:05  Marauder, Marine x3  
  71  15:06  Marauder, Viking x2  
  85  15:07  Widow Mine x2  
  73  15:26  Marauder, Marine x4  
  73  15:27  Marauder, Marine  
  72  15:32  Widow Mine x2  
  72  15:34  SCV x2  
  78  15:36  Viking  
  78  15:41  Medivac  
  82  15:43  SCV  
  82  15:44  Marine x2  
  82  15:45  Marauder  
  82  15:46  SCV  
  88  15:55  Terran Infantry Weapons Level 3  
  88  15:57  Terran Infantry Armor Level 3  
  88  16:02  SCV  
  89  16:05  SCV x2  
  89  16:11  Ghost  
  91  16:15  Medivac  
  95  16:25  Ghost  
  95  16:26  Ghost  
  99  16:36  Marine x2  
  99  16:37  Orbital Command, Marine  
  102  16:44  SCV  
  104  16:47  SCV  
  104  16:53  Ghost, Marine  
  107  16:54  Marine x3  
  107  16:55  Marauder  
  107  16:57  Missile Turret  
  110  17:11  SCV x2  
  110  17:13  Widow Mine  
  110  17:14  Widow Mine  
  105  17:35  SCV x3, Widow Mine  
  103  17:45  Marauder x2, Marine x5  
  103  17:47  SCV x2  
  103  17:48  SCV  
  115  17:57  Supply Depot  
  115  17:58  Supply Depot  
  115  17:59  SCV  
  115  18:00  SCV  
  117  18:12  SCV  
  117  18:13  Marine x2  
  117  18:15  Marine  
  117  18:19  SCV, Marauder, Medivac, Widow Mine x2  
  123  18:29  Marine  
  123  18:30  Marine x2  
  87  18:43  SCV  
  78  18:51  Orbital Command  
  78  18:55  SCV  
  61  19:08  Marine x4  
Tags
 
Add a new tag
Caveats
  • Supply blocks, unpowered buildings, or Contaminate may cause inaccurate times.
  • Supply counts are checked every 10 seconds.